 Dungeon Crawl Stone Soup version 0.27-a0-869-g165b36e3f0 (webtiles) character file.

Game seed: 4891229875260359518

279 robertstho the Magician (level 6, -3/44 HPs)
             Began as a Djinni Fire Elementalist on Apr 2, 2021.
             Killed by miscasting Sticky Flame (8 damage)
             ... on level 5 of the Dungeon.
             The game lasted 00:06:28 (5648 turns).

robertstho the Magician (Djinni Fire Elementalist)  Turns: 5648, Time: 00:06:30

Health: -3/44      AC:  7    Str:  7    XL:     6   Next: 26%
Gold:   124        EV: 12    Int: 19    God:
                   SH:  0    Dex: 13

rFire    + + .     SeeInvis .   l - +0 bardiche
rCold    x . .     Faith    .   (shield currently unavailable)
rNeg     . . .     Spirit   .   a - +0 robe
rPois    ∞         Reflect  .   i - +0 helmet
rElec    .         Harm     .   m - scarf {repulsion}
rCorr    .         Rampage  .   (no gloves)
Will     .....                  (boots unavailable)
Stlth    ++........             (no amulet)
HPRegen  0.14/turn              g - +4 ring of protection
MPRegen  0.00/turn              (no ring)

@: flying, very slightly contaminated, repel missiles
A: fire resistance 2, cold vulnerability 1, float, innate caster, hp casting,
extra vitality 1
a: no special abilities


You were on level 5 of the Dungeon.
You visited 1 branch of the dungeon, and saw 5 of its levels.

You collected 124 gold pieces.

Inventory:

Hand Weapons
 b - a +0 short sword
 l - a +0 bardiche (weapon)
Armour
 a - a +0 robe (worn)
 i - a +0 helmet (worn)
 m - a scarf of repulsion (worn)
Jewellery
 g - a +4 ring of protection (left hand)
 v - a ring of flight
Scrolls
 c - a scroll of amnesia {unknown}
 e - a scroll of vulnerability
 f - a scroll of fear {unknown}
 j - 2 scrolls of teleportation
 k - 2 scrolls of enchant armour {unknown}
 n - a scroll of holy word {unknown}
 q - a scroll of noise {unknown}
 s - a scroll of summoning {unknown}
 t - a scroll of torment {unknown}
 u - a scroll of identify
 w - a scroll of magic mapping {unknown}
Potions
 d - a potion of lignification
 h - 2 potions of attraction
 o - a potion of haste {unknown}
 p - a potion of invisibility {unknown}
 r - a potion of curing


   Skills:
 * Level 2.3 Fighting
 + Level 0.5 Polearms
 + Level 2.8 Dodging
 + Level 2.2 Stealth
 * Level 4.8 Spellcasting


You couldn't memorise any spells.
You knew the following spells:

 Your Spells              Type           Power      Damage    Failure   Level
a - Foxfire               Conj/Fire      88%        2x1d8     1%          1
b - Conjure Flame         Conj/Fire      22%        6-21      5%          3
c - Inner Flame           Hex/Fire       22%        N/A       5%          3
d - Sticky Flame          Conj/Fire      22%        2d4       17%         4
e - Fireball              Conj/Fire      11%        3d7       43%         5
f - Freeze                Ice            88%        1d10      1%          1
g - Ensorcelled Hibernat  Hex/Ice        44%        N/A       2%          2
Your spell library was empty.

Dungeon Overview and Level Annotations

Branches:
Dungeon (5/15)
 Temple: D:4-7

Altars:
Dithmenos
Makhleb
Nemelex Xobeh
Vehumet

Shops:
D:2 =

Annotations:
D:2 Jewellry shop
D:4 Need digging for axe


Innate Abilities, Weirdness & Mutations

You are immune to poison.
Your flesh is very heat resistant. (rF++)
You are vulnerable to cold. (rC-)
You float through the air rather than walking.
You learn spells naturally, not from books.
Your magical power is your life essence.
You have superior vitality. (+4 HP)


Message History

Casting: Foxfire (safe; 1% risk of failure)
Confirm with . or Enter, or press ? or * to list all spells.
You conjure some foxfire!
The orc closely misses you.
The foxfire hits the orc!
You kill the orc!
The foxfire hits the gnoll.
The gnoll is lightly wounded.
Casting: Foxfire (safe; 1% risk of failure)
Confirm with . or Enter, or press ? or * to list all spells.
You conjure some foxfire!
The foxfire hits the gnoll.
The gnoll is heavily wounded.
The foxfire hits the gnoll.
The gnoll is heavily wounded.
Casting: Foxfire (safe; 1% risk of failure)
Confirm with . or Enter, or press ? or * to list all spells.
You conjure some foxfire!
The gnoll hits you with a +4 whip!
* * * LOW HITPOINT WARNING * * *
The foxfire hits the gnoll.
The gnoll is severely wounded.
The foxfire hits the gnoll.
The gnoll is almost dead.
The gnoll hits you with a +4 whip.
* * * LOW HITPOINT WARNING * * *
You feel better. The gnoll hits you with a +4 whip.
* * * LOW HITPOINT WARNING * * *
You feel better. The gnoll hits you with a +4 whip.
* * * LOW HITPOINT WARNING * * *
Casting: Foxfire (safe; 1% risk of failure)
Confirm with . or Enter, or press ? or * to list all spells.
The spell is quite dangerous to cast (17% risk of failure)!
Continue anyway? [Y]es or [N]o only, please.
The spell is quite dangerous to cast (17% risk of failure)!
Continue anyway?
Aiming: Sticky Flame (quite dangerous; 17% risk of failure)
Press: ? - help, Shift-Dir - straight line, f - gnoll
Aim: a gnoll, wielding a +4 whip (almost dead, 0% to evade)
You miscast Sticky Flame.
You are very lightly contaminated with residual magic.
Strange energies run through your body!
You die...

#######
#......###+##
#......@).$.#
#......g)$..#
##.##..##..##
#.. .)# ...
..# .... ..#
###.. .# #..
.#


You could see a gnoll.

Vanquished Creatures
  A water moccasin skeleton (D:4)
  A hound (D:5)
  2 orc wizards
  Robin (D:2)
  3 adders
  A gnoll (D:5)
  4 worms
  A dart slug (D:3)
  5 orcs
  4 ball pythons
  7 endoplasms
  4 giant cockroaches
  11 goblins
  4 hobgoblins
  15 jackals
  3 kobolds
  2 quokkas
  7 bats
  5 frilled lizards
  2 rats (D:3)
83 creatures vanquished.

Vanquished Creatures (others)
  290 foxfires
  8 plants (D:3)
298 creatures vanquished.

Grand Total: 381 creatures vanquished

Notes
Turn   | Place    | Note
-------+----------+-------------------------------------------
     0 | D:1      | robertstho the Djinni Fire Elementalist began the quest for
                  | the Orb.
     0 | D:1      | Reached XP level 1. HP: 15/15 MP: 0/0
   632 | D:1      | Reached skill level 3 in Spellcasting
   632 | D:1      | Reached XP level 2. HP: 20/22 MP: 0/0
  1721 | D:2      | Reached XP level 3. HP: 23/26 MP: 0/0
  1721 | D:2      | Learned a level 1 spell: Freeze
  1798 | D:2      | Found a burning altar of Makhleb.
  2292 | D:2      | Noticed Robin
  2303 | D:2      | Killed Robin
  2304 | D:2      | Reached skill level 1 in Fighting
  2304 | D:2      | Reached XP level 4. HP: 6/32 MP: 0/0
  2613 | D:2      | Found Iwkuavvi's Jewellery Boutique.
  2913 | D:3      | Found a sparkling altar of Nemelex Xobeh.
  3216 | D:3      | Reached skill level 4 in Spellcasting
  3587 | D:3      | Found a shadowy altar of Dithmenos.
  3998 | D:3      | Reached XP level 5. HP: 34/38 MP: 0/0
  3998 | D:3      | Learned a level 2 spell: Ensorcelled Hibernation
  4113 | D:3      | Found a faded altar of an unknown god.
  5615 | D:5      | Entered Level 5 of the Dungeon
  5625 | D:5      | Reached XP level 6. HP: 38/43 MP: 0/0
  5645 | D:5      | HP: 2/44 [gnoll/+4 whip (6)]
  5648 | D:5      | Killed by miscasting Sticky Flame

Illustrated notes

Levels and vault maps discovered:
D:1:      erik_arrival_blinker_ship, layout_loops_corners
D:2:      layout_loops_ring, basic_altar, serial_shops,
          nicolae_shop_statue_plus, uniq_robin
D:3:      layout_basic, nicolae_overflow_crystal_walls,
          nicolae_overflow_hidden_temple, ebering_ecumenical_altar_abandoned,
          serial_bayou_ford_a, dk_noncrumbling_4, mrwooster_statue_mirror,
          minmay_misc_feat_hallway, corexii_corridor_pit
D:4:      layout_loops_ring, lemuel_coloured_pillars_altar, item_on_display_a
D:5:      layout_gridville, nicolae_ru_the_path_less_chosen,
          grunt_ministairs_10, minivault_24

Skill      XL: |  1  2  3  4  5 |
---------------+----------------+-----
Spellcasting   | 3 4 |  4.8
Fighting       | 1 2 |  2.3
Stealth        | 2 |  2.2
Polearms       | |  0.5
Dodging        | |  2.8

Action                   |  1- 3 |  4- 6 || total
-------------------------+-------+-------++-------
Melee: Short sword       |     4 |       ||     4
       Bardiche          |       |    35 ||    35
 Cast: Foxfire           |    74 |   130 ||   204
       Sticky Flame      |       |     2 ||     2
  Use: Scroll            |     4 |     1 ||     5
       Potion            |     1 |     4 ||     5
Armor: Robe              |     8 |    40 ||    48
Dodge: Dodged            |    28 |    87 ||   115

Table legend: (Time is in decaauts)
 A = Elapsed time spent in this place.
 B = Non-inter-level travel time spent in this place.
 C = Inter-level travel time spent in this place.
 D = Time resting spent in this place.
 E = Time spent auto-exploring this place.
 F = Levels seen in this place.
 G = Mean time per level.
                   A        B        C        D        E       F      G
               +--------+--------+--------+--------+--------+-----+--------+
         Total |   5689 |   5570 |    119 |    366 |   4496 |   5 | 1137.8 |
       Dungeon |   5689 |   5570 |    119 |    366 |   4496 |   5 | 1137.8 |
               +--------+--------+--------+--------+--------+-----+--------+

Top non-repeatable levels by time:
     D:3: 1667 daAuts
     D:1: 1534 daAuts
     D:2: 1369 daAuts
     D:4: 1084 daAuts
     D:5: 32 daAuts
